 Dungeon Crawl Stone Soup version 0.18-a0-33-g9e10395 (webtiles) character file.

5169 Duffy the Basher (level 10, -24/88 HPs)
             Began as a Centaur Monk on Nov 5, 2015.
             Was an Elder of Makhleb.
             Killed from afar by nublet's ghost (36 damage)
             ... with a shard of ice
             ... on level 12 of the Dungeon.
             The game lasted 00:17:16 (12841 turns).

Duffy the Basher (Centaur Monk)                    Turns: 12841, Time: 00:17:16

Health: -24/88     AC: 12    Str: 15    XL:     10   Next: 34%
Magic:  10/10      EV: 12    Int: 10    God:    Makhleb [****..]
Gold:   452        SH:  0    Dex: 13    Spells: 0 memorised, 9 levels left

rFire  + + .     SeeInvis .     a - +7 great mace "Firestarter" {inner flame, rF++}
rCold  . . .     Clarity  .     x - +0 scale mail
rNeg   . . .     SustAt   .     (shield currently unavailable)
rPois  .         Gourm    .     D - +0 helmet
rElec  .         Spirit   .     M - +2 cloak
rCorr  .         Warding  .     g - +0 pair of gloves
rMut   .         Stasis   .     (no barding)
MR     .....                    q - amulet of faith
Stlth  ..........               (no ring)
                                n - +5 ring of evasion

@: lethally poisoned (-24 -> -34), drained, very quick, not resistant to hostile
enchantments, extremely unstealthy
A: hooves 3, deformed body, speed 2, tough skin 3
a: Minor Destruction, Lesser Servant of Makhleb, Major Destruction, Renounce
Religion


You were on level 12 of the Dungeon.
You worshipped Makhleb.
Makhleb was greatly pleased with you.
You were very hungry.

You visited 2 branches of the dungeon, and saw 12 of its levels.
You also visited: Sewer.

You collected 452 gold pieces.


Innate Abilities, Weirdness & Mutations

You have hooves in place of feet.
Armour fits poorly on your strangely shaped body.
You cover ground very quickly.
You have extremely tough skin (AC +3).


   Skills:
 - Level 8.2(7.5) Fighting
 + Level 11.0(10.2) Maces & Flails
 - Level 3.7(3.0) Armour
 - Level 2.4(1.8) Dodging
 - Level 1.2(0.6) Stealth
 - Level 4.0(3.3) Unarmed Combat


You had 9 spell levels left.
You didn't know any spells.

Inventory:

Hand Weapons
 a - the +7 great mace "Firestarter" (weapon) {inner flame, rF++}

   It has been specially enchanted to burn those struck by it, causing extra
   injury to most foes and up to half again as much damage against particularly
   susceptible opponents.
   It greatly protects you from fire.
 b - a +1 whip of electrocution
 A - a +0 blowgun
Missiles
 d - 218 stones
 i - 2 throwing nets
 l - 6 curare-tipped needles
 t - 9 tomahawks (quivered)
 v - 34 poisoned needles
Armour
 g - a +0 pair of gloves (worn)
 h - a +0 ring mail
 o - a +0 cloak
 r - a +0 chain mail
 u - a +0 robe
 x - a +0 scale mail (worn)
 D - a +0 helmet (worn)
 M - a +2 cloak (worn)
Jewellery
 n - a +5 ring of evasion (left hand)
 q - an amulet of faith (around neck)
 B - the ring "Vieteeh" {rC++ Str-4 Stlth-}

   [ring of loudness]

   It affects your strength (-4).
   It greatly protects you from cold.
   It makes you less stealthy.
Wands
 c - a wand of teleportation (4)
 E - a wand of draining (5)
 G - a wand of hasting (3)
 Q - a wand of teleportation (3)
 T - a wand of flame (32)
Scrolls
 f - 5 scrolls of remove curse
 p - a scroll of fear {unknown}
 s - a scroll of magic mapping {unknown}
 y - a scroll of noise {unknown}
 z - a scroll of blinking
 F - a scroll of fog {unknown}
 I - a scroll of immolation {unknown}
 K - 2 scrolls of teleportation
 L - a scroll of recharging
 P - a scroll of enchant weapon {unknown}
 R - a scroll of silence {unknown}
Potions
 e - 2 potions of resistance
 j - 4 potions of curing
 m - a potion of lignification
 w - a potion of flight
 C - a potion of might
 H - 3 potions of degeneration
 N - a potion of brilliance {unknown}
 O - a potion of berserk rage {unknown}
Comestibles
 k - 2 meat rations
 J - 9 bread rations

Dungeon Overview and Level Annotations

Branches:
Dungeon (12/15)            Temple (1/1) D:7
   Lair: D:8-11         Orc: D:9-12

Altars:
Ashenzari
Cheibriados
Dithmenos
Elyvilon
Fedhas
Gozag
Kikubaaqudgha
Makhleb
Nemelex Xobeh
Okawaru
Qazlal
Ru
Sif Muna
Trog
Vehumet
Xom
Yredelemnul
Zin
The Shining One

Annotations:
D:12 nublet's ghost, journeyman DrCj


Message History

You are too injured to fight recklessly!
You are too injured to fight recklessly!
You are too injured to fight recklessly!
You are too injured to fight recklessly!
You are too injured to fight recklessly!
You are too injured to fight recklessly!
You are too injured to fight recklessly!
You are too injured to fight recklessly!
You are too injured to fight recklessly!
You are too injured to fight recklessly!
You are too injured to fight recklessly!
You are too injured to fight recklessly!
You are too injured to fight recklessly!
You are too injured to fight recklessly!
You closely miss nublet's ghost. Your kick misses nublet's ghost.
Nublet's ghost is heavily damaged.
You feel sick.
Nublet's ghost's inner flame fades away.
Nublet's ghost hits you.
You are more poisoned.
Nublet's ghost says, "You will never get the ORB!"
Nublet's ghost hits you but does no damage.
You barely miss nublet's ghost.
Nublet's ghost is heavily damaged.
You feel sick.
Nublet's ghost shouts, "I have seen your future, and it is all used up."
Nublet's ghost hits you but does no damage.
You sock nublet's ghost! You burn nublet's ghost.
Nublet's ghost is filled with an inner flame.
You kick nublet's ghost, but do no damage.
Nublet's ghost is heavily damaged.
You feel sick. Nublet's ghost casts a spell at you. The shard of ice hits you!
You die... # # #.######.# #.....@W.# ##########

You could see nublet's ghost (inner flame).

Action                   |  1- 3 |  4- 6 |  7- 9 | 10-12 || total
-------------------------+-------+-------+-------+-------++-------
Melee: Unarmed           |   154 |   202 |   149 |       ||   505
       Great mace        |       |       |   185 |    51 ||   236
       Whip              |       |       |    47 |    54 ||   101
 Fire: Blowgun           |       |     8 |    19 |       ||    27
  Use: Scroll            |     4 |     2 |     5 |     2 ||    13
  Eat: Chunk             |     4 |     7 |    17 |     3 ||    31

Notes
Turn   | Place    | Note
--------------------------------------------------------------
     0 | D:1      | Duffy the Centaur Monk began the quest for the Orb.
     0 | D:1      | Reached XP level 1. HP: 19/19 MP: 1/1
   274 | D:1      | Found an iron altar of Okawaru.
   284 | D:1      | Reached XP level 2. HP: 23/26 MP: 2/2
   527 | D:1      | Reached skill level 4 in Fighting
   971 | D:2      | Reached XP level 3. HP: 33/33 MP: 3/3
  1358 | D:2      | Found a sacrificial altar of Ru.
  1411 | D:2      | Found a deep blue altar of Sif Muna.
  1449 | D:2      | Found an ancient bone altar of Kikubaaqudgha.
  1450 | D:2      | Found a bloodstained altar of Trog.
  2613 | D:3      | Reached XP level 4. HP: 35/41 MP: 4/4
  2951 | D:3      | Noticed a sky beast
  2986 | D:3      | Killed a sky beast
  2986 | D:3      | Reached skill level 2 in Armour
  2986 | D:3      | Reached XP level 5. HP: 24/47 MP: 5/5
  4074 | D:4      | Reached skill level 3 in Armour
  4196 | D:4      | Got a translucent lapis lazuli ring
  4211 | D:4      | Identified the ring "Vieteeh" {rC++ Str-4 Stlth-} (You found it on level 4 of the Dungeon)
  4373 | D:4      | Reached XP level 6. HP: 53/55 MP: 6/6
  4524 | D:4      | Found a glowing golden altar of the Shining One.
  4766 | D:5      | Entered Level 5 of the Dungeon
  4779 | D:5      | Reached skill level 5 in Fighting
  4911 | D:5      | Noticed Prince Ribbit
  5177 | D:5      | Found a blossoming altar of Fedhas.
  5307 | D:4      | Reached skill level 6 in Fighting
  5384 | D:5      | Reached XP level 7. HP: 46/64 MP: 7/7
  5718 | D:5      | Found a sacrificial altar of Ru.
  5764 | D:5      | Noticed Menkaure
  5779 | D:5      | Killed Menkaure
  5779 | D:5      | Reached skill level 7 in Fighting
  6264 | D:5      | Noticed Sigmund
  6438 | D:6      | Reached skill level 8 in Fighting
  6483 | D:6      | Reached XP level 8. HP: 69/74 MP: 8/8
  6673 | D:6      | Reached skill level 1 in Maces & Flails
  6682 | D:6      | Found a glowing drain.
  6688 | Sewer    | Entered a sewer
  6843 | Sewer    | Reached skill level 2 in Maces & Flails
  7222 | Sewer    | Reached skill level 3 in Maces & Flails
  7566 | Sewer    | Reached skill level 4 in Maces & Flails
  7867 | D:5      | Killed Sigmund
  7979 | D:5      | Killed Prince Ribbit
  7979 | D:5      | Reached skill level 5 in Maces & Flails
  8254 | D:6      | Found an opulent altar of Gozag.
  8287 | D:6      | Reached skill level 6 in Maces & Flails
  8415 | D:6      | Noticed Pikel
  8437 | D:6      | Killed Pikel
  8437 | D:6      | Reached skill level 7 in Maces & Flails
  8437 | D:6      | Reached XP level 9. HP: 51/81 MP: 9/9
  9086 | D:7      | Reached skill level 8 in Maces & Flails
  9364 | D:7      | Found a staircase to the Ecumenical Temple.
  9381 | Temple   | Entered the Ecumenical Temple
  9808 | Temple   | Became a worshipper of Makhleb the Destroyer
  9808 | Temple   | Reached * piety under Makhleb
  9808 | Temple   | Reached ** piety under Makhleb
  9863 | D:7      | Found a stormy altar of Qazlal.
  9865 | D:7      | Found a shattered altar of Ashenzari.
 10468 | D:8      | Reached skill level 9 in Maces & Flails
 10847 | D:8      | Reached *** piety under Makhleb
 11360 | D:9      | Reached skill level 10 in Maces & Flails
 11365 | D:9      | Reached XP level 10. HP: 79/88 MP: 10/10
 11539 | D:9      | Reached **** piety under Makhleb
 12206 | D:9      | Reached skill level 11 in Maces & Flails
 12815 | D:10     | Entered Level 10 of the Dungeon
 12826 | D:10     | You fall through a shaft for 2 floors!
 12826 | D:12     | Noticed nublet's ghost (journeyman DrCj)
 12841 | D:12     | Killed from afar by nublet's ghost

Vault maps used:
D:1:      lightli_arrival_statue_moat, okawaru_ov_weapons_minmay
D:2:      nicolae_overflow_hidden_temple, gammafunk_temple_overflow_statue,
          first_bread, nicolae_ru_path_of_blood
D:4:      minmay_misc_feat_secret_circle, tso_metal_star
D:5:      kennysheep_little_box, fedhas_altar_3, uniq_sigmund,
          uniq_prince_ribbit1, uniq_menkaure
D:6:      grunt_gozag_breadcrumbs, portal_sewer_entry_e, uniq_pikel
D:7:      minitemple, minmay_temple_entry_statues
D:10:     orc_0_dummy, enter_bailey_3, hangedman_little_slice_of_home,
          minmay_door_square, uniq_erica, uniq_maurice, uniq_urug,
          uniq_gastronok
D:12:     special_room, uniq_rupert
Temple:   minmay_temple_forest_path_12
Sewer:    sewer_co_tree

Vanquished Creatures
  Pikel Prince Ribbit
  A two-headed ogre Sigmund
  A wyvern Menkaure
  A water moccasin
  An orc warrior
  A slave
  2 sky beasts
  6 ogres
  A wasp
  A phantom
  An ice beast
  A black bear
  3 centaurs
  6 big kobolds
  A wyvern zombie
  3 giant frogs
  A water moccasin skeleton
  11 killer bees
  4 crimson imps
  2 hounds
  A giant frog zombie
  2 orc priests
  2 giant frog skeletons
  9 orc wizards
  A centaur skeleton
  5 worker ants
  3 iguanas
  A killer bee zombie
  A hound zombie
  3 river rats
  14 adders
  3 gnolls
  2 shadow imps
  An adder skeleton
  An adder zombie
  7 oozes
  4 worms
  4 giant geckos
  36 orcs
  3 ball pythons
  8 hobgoblins
  3 quokkas
  6 bats
  7 giant cockroaches
  4 giant newts
  8 goblins
  4 jackals
  22 kobolds
  A quokka zombie
  13 rats
231 creatures vanquished.
